 Dungeon Crawl Stone Soup version 0.30-a0-743-gbfdf073431 (webtiles) character file.

Game seed: 11352572987816485605

121 Dittersdorf the Shield-Bearer (level 5, -3/33 HPs)
             Began as a Gargoyle Fighter on Feb 7, 2023.
             Slain by Sigmund
             ... wielding a +0 scythe
              (12 damage)
             ... on level 3 of the Dungeon.
             The game lasted 00:02:33 (2231 turns).

Dittersdorf the Shield-Bearer (Gargoyle Fighter)    Turns: 2231, Time: 00:02:34

Health: -3/33      AC: 14    Str: 21    XL:     5   Next: 5%
Magic:  5/5        EV:  9    Int:  9    God:
Gold:   166        SH:  4    Dex:  9    Spells: 4/4 levels left

rFire   . . .      SeeInvis .    a - +0 flail
rCold   . . .      Faith    .    c - +0 buckler
rNeg    + . .      Spirit   .    b - +0 scale mail
rPois   ∞          Reflect  .    (no helmet)
rElec   +          Harm     .    y - +0 cloak
rCorr   .          Rampage  .    r - +0 pair of gloves
Will    .....                    j - +0 pair of boots Stlth
                                 (no amulet)
HPRegen 0.25/turn                (no ring)
MPRegen 0.09/turn                (no ring)

@: no status effects
A: sickness immunity, AC +4, negative energy resistance 1, electricity
resistance, torment resistance 1, petrification resistance
a: no special abilities


You were on level 3 of the Dungeon.
You visited 1 branch of the dungeon, and saw 3 of its levels.

You collected 166 gold pieces.

Inventory:

Hand Weapons
 a - a +0 flail (weapon)
Missiles
 e - 8 poisoned darts (quivered)
Armour
 b - a +0 scale mail (worn)
 c - a +0 buckler (worn)
 j - a +0 pair of boots (worn)
 r - a +0 pair of gloves (worn)
 y - a +0 cloak (worn)
Jewellery
 z - a ring of wizardry
Wands
 x - a wand of roots (5)
Scrolls
 g - a scroll of vulnerability {unknown}
 h - 2 scrolls of amnesia {unknown}
 i - a scroll of magic mapping {unknown}
 k - 2 scrolls of identify {unknown}
 m - a scroll of fog {unknown}
 p - a scroll of teleportation {unknown}
 s - a scroll of noise {unknown}
 u - a scroll of torment {unknown}
 v - a scroll of poison {unknown}
Potions
 d - 2 potions of might
 f - 3 potions of curing {unknown}
 l - a potion of ambrosia {unknown}
 n - a potion of resistance {unknown}
 o - a potion of attraction {unknown}
 q - 2 potions of lignification {unknown}
 t - a potion of degeneration {unknown}
 w - a potion of brilliance {unknown}


   Skills:
 + Level 4.1 Fighting
 + Level 3.1 Maces & Flails
 + Level 4.1 Armour
 + Level 4.2 Shields


You had 4 spell levels left.
You didn't know any spells.
Your spell library contained the following spells:

 Spells                   Type           Power      Damage    Failure   Level
 Shock                    Conj/Air       0%         1d3       80%         1
 Wereblood                Tmut           0%         N/A       91%         2
 Ignite Poison            Fire/Tmut/Pois 0%         N/A       99%         3
 Kindle Blastsparks       Fire/Tloc/Air  0%         2d10      99%         3
 Swiftness                Air            0%         N/A       99%         3
 Airstrike                Air            0%         2d(0-16)  100%        4
 Freezing Cloud           Conj/Ice/Air   0%         6-21      100%        5
 Summon Hydra             Summ           0%         N/A       100%        7
 Sublimation of Blood     Necr           Unusable   N/A       N/A         2

Dungeon Overview and Level Annotations

Branches:
Dungeon (3/15)

Altars:
Ashenzari

Annotations:
D:3 Sigmund


Innate Abilities, Weirdness & Mutations

You are immune to sickness and miasma.
Your stone body is resilient. (AC +4)
You are immune to poison.
You resist negative energy. (rN+)
You are resistant to electric shocks. (rElec)
You are resistant to unholy torment.
You are immune to petrification.


Message History

You are too injured to fight recklessly!
You are too injured to fight recklessly!
You are too injured to fight recklessly!
You are too injured to fight recklessly!
You are too injured to fight recklessly!
You are too injured to fight recklessly!
You are too injured to fight recklessly!
You are too injured to fight recklessly!
You are too injured to fight recklessly!
You are too injured to fight recklessly!
You are too injured to fight recklessly!
You are too injured to fight recklessly!
You are too injured to fight recklessly!
You are too injured to fight recklessly!
You are too injured to fight recklessly!
You are too injured to fight recklessly!
You closely miss something. Something hits you.
* * * LOW HITPOINT WARNING * * *
You miss something.
Something hits you but does no damage. x2
Something hits you.
* * * LOW HITPOINT WARNING * * *
You miss something.
You hear some strange, mumbled words.
You closely miss something.
You hear some strange, mumbled words.
A puff of flame appears from out of thin air!
The puff of flame hits something.
Something hits you but does no damage.
You sock something! Something hits you but does no damage.
A magic dart appears from out of thin air!
The magic dart hits something!
Reactivating autopickup.
You feel a bit more experienced.
You have reached level 5!
Something hits you but does no damage.
Deactivating autopickup; reactivate with Ctrl-A.
Things that are here:
a +0 dagger; a +0 robe You closely miss something.
You closely miss something. Something hits you!
You die...

## ## #. .# .#. ###.o.
..##o# #.##{# # #.##@#
#.##.##.# #.......#
####.#### #.# #####.#
###...#.#
#..###..###############
#.## ##.##............#


You could see 2 orcs.

Vanquished Creatures
  3 adders
  A worm (D:2)
  A dart slug (D:1)
  2 orcs (D:3)
  4 ball pythons
  7 bats
  6 endoplasms
  13 giant cockroaches
  5 goblins
  7 hobgoblins
  5 kobolds
  4 quokkas
  3 frilled lizards
  3 rats (D:2)
64 creatures vanquished.

Vanquished Creatures (others)
  An orc wizard (D:3)
1 creature vanquished.

Grand Total: 65 creatures vanquished

Notes
Turn   | Place    | Note
-------+----------+-------------------------------------------
     0 | D:1      | Dittersdorf the Gargoyle Fighter began the quest for the
                  | Orb.
     0 | D:1      | Reached XP level 1. HP: 14/14 MP: 1/1
    87 | D:1      | Reached XP level 2. HP: 17/19 MP: 2/2
   300 | D:1      | Reached XP level 3. HP: 22/23 MP: 3/3
   853 | D:2      | Found a broken altar of Ashenzari.
  1014 | D:2      | Reached XP level 4. HP: 27/29 MP: 4/4
  2210 | D:3      | Noticed Sigmund
  2229 | D:3      | Reached XP level 5. HP: 8/33 MP: 5/5
  2231 | D:3      | Slain by Sigmund

Illustrated notes

Levels and vault maps discovered:
D:1:      co_arrival_square_in_a_square_in_a_square, layout_loops_ring
D:2:      minmay_roachtagon, layout_loops_ring, basic_altar
D:3:      minmay_evil_eye, layout_loops_corners, minmay_misc_feat_tower,
          uniq_crazy_yiuf_cottage, uniq_sigmund

Skill      XL: |  1  2  3  4 |
---------------+-------------+-----
Shields        | 4 |  4.2
Fighting       | 4 |  4.1
Armour         | 4 |  4.1
Maces & Flails | 3 |  3.1

Action                     |  1- 3 |  4- 6 || total
---------------------------+-------+-------++-------
  Melee: Flail             |   123 |   141 ||   264
 Armour: Scale mail        |    70 |    98 ||   168
  Dodge: Dodged            |    54 |    79 ||   133
  Block: Buckler           |    31 |    27 ||    58

Table legend: (Time is in decaauts)
 A = Elapsed time spent in this place.
 B = Non-inter-level travel time spent in this place.
 C = Inter-level travel time spent in this place.
 D = Time resting spent in this place.
 E = Time spent auto-exploring this place.
 F = Levels seen in this place.
 G = Mean time per level.
                   A        B        C        D        E       F      G
               +--------+--------+--------+--------+--------+-----+--------+
         Total |   2311 |   2219 |     92 |     28 |   1600 |   3 |  770.3 |
       Dungeon |   2311 |   2219 |     92 |     28 |   1600 |   3 |  770.3 |
               +--------+--------+--------+--------+--------+-----+--------+

Top non-repeatable levels by time:
     D:2: 914 daAuts
     D:3: 706 daAuts
     D:1: 691 daAuts
